 Dungeon Crawl Stone Soup version 0.30.1-11-g7821555f0a (webtiles) character file.

Game seed: 15193948420622858831

9 Peloso the Covered (level 2, 29/29 HPs)
             Began as a Minotaur Fighter on Jan 14, 2024.
             Got out of the dungeon alive.
             The game lasted 00:00:35 (289 turns).

Peloso the Covered (Minotaur Fighter)                Turns: 289, Time: 00:00:35

Health: 29/29      AC:  7    Str: 18    XL:     2   Next: 3%
Magic:  1/1        EV:  9    Int:  5    God:
Gold:   56         SH:  4    Dex:  9    Spells: 1/1 levels left

rFire   . . .        a - +0 long sword
rCold   . . .        c - +0 buckler
rNeg    . . .        b - +0 scale mail
rPois   .            (helmet restricted)
rElec   .            (no cloak)
rCorr   .            (no gloves)
SInv    .            (no boots)
Will    .....        (no amulet) Stlth
                     (no ring)
HPRegen 0.24/turn    (no ring)
MPRegen 0.07/turn

%: no passive effects
@: no status effects
A: horns 2, retaliatory headbutt, robust 1, weak 1, wild magic 1
a: no special abilities


You escaped.
You visited 1 branch of the dungeon, and saw 1 of its levels.

You collected 56 gold pieces.

Inventory:

Hand Weapons
 a - a +0 long sword (weapon)
Armour
 b - a +0 scale mail (worn)
 c - a +0 buckler (worn)
Jewellery
 h - a ring of ice
Scrolls
 e - a scroll of teleportation {unknown}
 f - a scroll of fear {unknown}
Potions
 d - a potion of might
 i - a potion of curing {unknown}


   Skills:
 + Level 3.7 Fighting
 + Level 2.8 Long Blades
 + Level 3.9 Armour
 + Level 3.7 Shields


You had one spell level left.
You didn't know any spells.
Your spell library was empty.

Dungeon Overview and Level Annotations

Branches:
Dungeon (1/15)

Altars:


Innate Abilities, Weirdness & Mutations

You have a pair of horns on your head.
You reflexively headbutt those who attack you in melee.
You are robust. (+10% HP)
You are weak. (Str -2)
Your spells are a little harder to cast, but a little more powerful.


Message History

You block the bat's attack.
You barely miss the bat. The bat hits you but does no damage.
You hit the bat.
You kill the bat!
You now have 56 gold pieces (gained 17).
i - a bubbling black potion You see here 4 stones.
An endoplasm comes into view.
The endoplasm quivers.
An endoplasm is nearby!
An endoplasm is nearby!
A hobgoblin comes into view.
You hit the endoplasm.
The endoplasm is severely wounded.
The endoplasm closely misses you. The endoplasm barely misses you.
The hobgoblin hits you but does no damage.
You hit the endoplasm.
The endoplasm is almost dead.
The hobgoblin barely misses you. The endoplasm freezes you.
You are frozen.
You hit the endoplasm.
You kill the endoplasm!
The hobgoblin hits you.
The hobgoblin hits you but does no damage.
The hobgoblin hits you. The hobgoblin attacks as you move away!
The hobgoblin closely misses you. You furiously retaliate!
You headbutt the hobgoblin!
You kill the hobgoblin!
You have reached level 2!
It was a potion of mutation.
You feel extremely strange.
You feel robust.
You feel weaker.
You feel less in control of your magic.
(D) Dungeon
Where to? (? - help)
What level of the Dungeon? (default 1, ? - help)
You see here 7 stones.
There is an open gate here.
There is a staircase leading out of the dungeon here.
Are you sure you want to leave the Dungeon?
This will make you lose the game!
You have escaped!

###### #.#.8#
#..#'###
#@.#'..#
#..#'#.#
#.#.8#.##
######..########
##........#
##.......#
#.......#
#.......#
######..###


There were no monsters in sight!

Vanquished Creatures
  An endoplasm (D:1)
  A giant cockroach (D:1)
  A hobgoblin (D:1)
  A kobold (D:1)
  2 ball pythons (D:1)
  A bat (D:1)
  A frilled lizard (D:1)
8 creatures vanquished.

Notes
Turn   | Place    | Note
-------+----------+-------------------------------------------
     0 | D:1      | Peloso the Minotaur Fighter began the quest for the Orb.
     0 | D:1      | Reached XP level 1. HP: 19/19 MP: 0/0
   225 | D:1      | Reached XP level 2. HP: 16/27 MP: 1/1
   225 | D:1      | Gained mutation: You are robust. (+10% HP) [potion of
                  | mutation]
   225 | D:1      | Gained mutation: You are weak. (Str -2) [potion of
                  | mutation]
   225 | D:1      | Gained mutation: Your spells are a little harder to cast,
                  | but a little more powerful. [potion of mutation]
   289 | D:$      | Got out of the dungeon alive.

Illustrated notes

Levels and vault maps discovered:
D:1:      saegor_arrival_simple_c, layout_rooms, chequers_serial_rivers_micro_a,
          hangedman_glass_teeth, st_stairs_3

Action                     || total
---------------------------++-------
  Melee: Long sword        ||    23
    Use: Potion            ||     1
 Armour: Scale mail        ||    18
  Dodge: Dodged            ||    12
  Block: Buckler           ||     4
